 Dungeon Crawl Stone Soup version 0.14-a0-1721-g84c87b2 (webtiles) character file.

7253 Piginabag the Martial Artist (level 10, -1/79 HPs)
             Began as a Demonspawn Monk on Jan 3, 2014.
             Was a High Priest of Cheibriados.
             Slain by a spectral orc knight
             ... wielding a -1,+0 orcish great sword
             ... summoned by Nergalle
              (10 damage)
             ... on Level 10 of the Dungeon.
             The game lasted 00:41:15 (13784 turns).

Piginabag the Martial Artist (Demonspawn Monk)     Turns: 13784, Time: 00:41:15

HP  -1/79        AC 11     Str 26      XL: 10   Next: 73%
MP   2/11        EV 16     Int 23      God: Cheibriados [*****.]
Gold 598         SH  0     Dex 30      Spells:  0 memorised,  9 levels left

rFire  + . .     SeeInvis .       - Unarmed
rCold  x . .     Clarity  .     h - +0 scale mail
rNeg   . . .     Conserve .     (no shield)
rPois  .         rCorr    .     (helmet restricted)
rElec  .         rRot     .     (no cloak)
SustAb . .       Spirit   .     (no gloves)
rMut   .         Warding  .     j - +2 pair of elf boots
Saprov . . .     Stasis   .     (no amulet)
                                D - ring of fire
                                n - +4 ring of strength

@: drained, very slow, somewhat resistant to hostile enchantments, fairly
stealthy
A: claws 1, horns 1, talons 1, spiny 2
a: Bend Time, Temporal Distortion, Slouch, Step From Time, Renounce Religion


You were on level 10 of the Dungeon.
You worshipped Cheibriados.
Cheibriados was extremely pleased with you.
You were very hungry.

You visited 2 branches of the dungeon, and saw 11 of its levels.

You collected 598 gold pieces.

Inventory:

Armour
 a - a cursed +0 robe
 c - a +0 leather armour
 h - a +0 scale mail (worn)
 j - a +2 pair of elven boots (worn)
Magical devices
 f - a wand of magic darts (12)
 E - a wand of disintegration (10) {unknown}
 P - a wand of digging (13) {unknown}
 Q - a wand of fire (5) {unknown}
Comestibles
 b - 4 bread rations
 s - 20 strawberries
 v - a pear
 I - a honeycomb
 J - 4 apricots
 K - 4 chokos
 L - a meat ration
Scrolls
 d - a scroll of enchant weapon II
 e - a scroll of enchant weapon I
 i - 2 scrolls of curse armour {unknown}
 k - 5 scrolls of remove curse
 l - 7 scrolls of identify
 r - 2 scrolls of blinking {unknown}
 t - 2 scrolls of fog {unknown}
 u - 5 scrolls of teleportation {unknown}
 x - a scroll of enchant armour {unknown}
 A - 2 scrolls of fear {unknown}
 B - a scroll of amnesia
Jewellery
 m - an uncursed amulet of resist mutation {unknown}
 n - a +4 ring of strength (left claw)
 y - a cursed -5 ring of strength
 C - the ring "Seqosuimny" {+/*Tele Acc+4 SInv}
   (You found it on level 6 of the Dungeon)

   [ring of teleportation]

   It affects your accuracy (+4).
   It enhances your eyesight.
 D - a ring of fire (right claw)
 F - a cursed amulet of clarity {unknown}
 N - an uncursed ring of sustain abilities {unknown}
Potions
 g - a potion of curing
 o - 2 potions of agility
 p - a potion of flight {unknown}
 w - 2 potions of might
 G - a potion of berserk rage {unknown}
 H - a potion of mutation {unknown}
 M - a potion of magic {unknown}
 O - a potion of paralysis {unknown}
Books
 q - a book of War Chants

   Spells                             Type                      Level
   Fire Brand                         Charms/Fire                  2
   Freezing Aura                      Charms/Ice                   2
   Shroud of Golubria                 Charms/Translocation         2
   Repel Missiles                     Charms/Air                   2
   Poison Weapon                      Charms/Poison                3
   Regeneration                       Charms/Necromancy            3
 z - a book of Fire

   Spells                             Type                      Level
   Fire Brand                         Charms/Fire                  2
   Ignite Poison                      Fire/Transmutation           5
   Fireball                           Conjuration/Fire             5
   Bolt of Fire                       Conjuration/Fire             6
   Delayed Fireball                   Conjuration/Fire             7
   Ring of Flames                     Charms/Fire                  7


   Skills:
 + Level 7.0(6.0) Fighting
 + Level 7.7(6.6) Armour
 + Level 8.0(6.9) Dodging
 + Level 3.0(2.1) Stealth
 + Level 9.2(8.1) Unarmed Combat
 + Level 1.1(0.2) Invocations


You had 9 spell levels left.
You didn't know any spells.

Dungeon Overview and Level Annotations

Branches:
Dungeon (10/16)            Temple (1/1) D:5
    Orc: D:9-12        Lair: D:8-11

Altars:
Ashenzari
Cheibriados
Elyvilon
Fedhas
Kikubaaqudgha
Makhleb
Nemelex Xobeh
Okawaru
Sif Muna
Trog
Vehumet
Xom
Yredelemnul
Zin
the Shining One

Annotations:
D:5 Dowan, Duvessa
D:8 exclusion: ice statue
D:10 Nergalle


Innate Abilities, Weirdness & Mutations

You have sharp fingernails.
You have a pair of small horns on your head.
You have sharp toenails.
You are mostly covered in sharp spines.


Message History

Nergalle stands defiantly in death's doorway!
The spectral orc warrior hits you but does no damage.
You hit Nergalle but do no damage.
Nergalle is almost dead.
The spectral orc knight closely misses you.
Nergalle points at the spectral orc warrior and mumbles some strange words.
The spectral orc warrior seems to speed up.
The spectral orc warrior hits you but does no damage.
You claw Nergalle!
You headbutt Nergalle, but do no damage.
Nergalle is almost dead.
Nergalle is no longer bleeding.
The spectral orc knight barely misses you.
The spectral orc warrior barely misses you.
Nergalle closely misses you.
You hit Nergalle.
Nergalle is almost dead.
The spectral orc warrior misses you. Nergalle barely misses you.
The spectral orc knight hits you with an orcish great sword!
You die...

### #.......
#........
#.........
#..........
#..........
#.....%....
#..oW.......
#..@........
#..W......$.
#...=......(
########...........
#...........#####+
#...........#
#>..........+
#...........+
#...........#


You could see Nergalle, a spectral orc knight and a spectral orc warrior.

Vanquished Creatures
  The ghost of Psiweapon the Sneak, an experienced OpAr of Nemelex Xobeh (D:6)
  A troll (D:8)
  A merfolk (D:7)
  4 yaks
  A human (D:7)
  2 hippogriffs
  A hill giant skeleton (D:7)
  3 sky beasts
  5 ogres
  A naga (D:8)
  3 orc warriors
  An ice beast (D:6)
  A black bear (D:8)
  3 phantoms
  A big kobold (D:9)
  3 centaurs
  6 giant frogs
  3 jellies
  5 wights (D:8)
  17 killer bees
  6 crimson imps
  A giant frog zombie (D:7)
  A centaur skeleton (D:4)
  3 giant frog skeletons
  3 goliath beetles
  2 orc priests
  4 orc wizards
  5 hounds
  2 iguanas
  A scorpion (D:6)
  11 worker ants
  A spectral orc (D:10)
  A mummy (D:7)
  A worker ant zombie (D:10)
  7 adders
  4 gnolls (D:9)
  3 giant centipedes
  3 worm zombies
  A giant mite (D:5)
  5 worms
  An adder zombie (D:4)
  An iguana zombie (D:8)
  6 giant eyeballs
  A giant gecko (D:3)
  An ooze (D:4)
  24 orcs
  2 ball pythons (D:2)
  7 giant cockroaches
  17 hobgoblins
  16 jackals
  23 kobolds
  6 quokkas
  A ball python skeleton (D:4)
  11 bats
  4 giant newts
  15 goblins
  An orc skeleton (D:9)
  15 rats
  A rat zombie (D:8)
  3 ballistomycetes (D:6)
  A plant (D:8)
285 creatures vanquished.

Vanquished Creatures (others)
  A giant spore (D:6)
1 creature vanquished.

Grand Total: 286 creatures vanquished

Notes
Turn   | Place    | Note
--------------------------------------------------------------
     0 | D:1      | Piginabag, the Demonspawn Monk, began the quest for the Orb.
     0 | D:1      | Reached XP level 1. HP: 18/18 MP: 1/1
   286 | D:1      | Gained mutation: You have a pair of small horns on your head. [demonic ancestry]
   286 | D:1      | Reached XP level 2. HP: 24/24 MP: 2/2
   541 | D:1      | Reached skill level 4 in Unarmed Combat
  1144 | D:2      | Reached XP level 3. HP: 26/29 MP: 3/3
  1689 | D:2      | Reached skill level 1 in Armour
  1696 | D:2      | Reached XP level 4. HP: 27/35 MP: 4/4
  3038 | D:4      | Reached XP level 5. HP: 41/41 MP: 5/5
  3671 | D:4      | Noticed a phantom
  3732 | D:4      | Killed a phantom
  3732 | D:4      | Reached skill level 5 in Unarmed Combat
  3732 | D:4      | Gained mutation: You have sharp toenails. [demonic ancestry]
  3732 | D:4      | Reached XP level 6. HP: 14/48 MP: 6/6
  4429 | D:5      | Entered Level 5 of the Dungeon
  5129 | D:5      | Gained mutation: You are partially covered in sharp spines. [demonic ancestry]
  5129 | D:5      | Reached XP level 7. HP: 32/53 MP: 7/7
  5802 | D:5      | Found a staircase to the Ecumenical Temple.
  5802 | D:5      | Noticed Duvessa
  5802 | D:5      | Noticed Dowan
  5893 | D:4      | Noticed an ogre
  5905 | D:4      | Killed an ogre
  5905 | D:4      | Reached skill level 6 in Unarmed Combat
  6557 | D:6      | Noticed Psiweapon's ghost (experienced OpAr)
  6571 | D:6      | Killed Psiweapon's ghost
  6571 | D:6      | Gained mutation: You are mostly covered in sharp spines. [demonic ancestry]
  6571 | D:6      | Reached XP level 8. HP: 32/61 MP: 8/8
  6580 | D:6      | Got a crude amber ring
  6681 | D:6      | Reached skill level 5 in Dodging
  6881 | D:6      | Reached skill level 5 in Armour
  7069 | D:6      | Reached skill level 7 in Unarmed Combat
  7393 | Temple   | Entered the Ecumenical Temple
  7541 | Temple   | Became a worshipper of Cheibriados the Contemplative
  7952 | D:6      | Reached skill level 5 in Fighting
  8233 | D:7      | Identified the ring "Seqosuimny" {+/*Tele Acc+4 SInv} (You found it on level 6 of the Dungeon)
  8418 | D:7      | Reached XP level 9. HP: 26/68 MP: 9/9
  9642 | D:7      | Acquired Cheibriados' first power
  9691 | D:7      | Reached skill level 8 in Unarmed Combat
 10320 | D:7      | Paralysed by a giant eyeball for 2 turns
 10430 | D:7      | Reached skill level 1 in Invocations
 10861 | D:8      | Paralysed by a giant eyeball for 4 turns
 11097 | D:8      | Acquired Cheibriados' second power
 11108 | D:8      | Gained mutation: You have sharp fingernails. [demonic ancestry]
 11108 | D:8      | Reached XP level 10. HP: 61/76 MP: 11/11
 11718 | D:8      | Acquired Cheibriados' third power
 11718 | D:8      | Reached skill level 9 in Unarmed Combat
 11991 | D:8      | Noticed an ice statue
 13735 | D:10     | Entered Level 10 of the Dungeon
 13765 | D:10     | Noticed Nergalle
 13784 | D:10     | Slain by a spectral orc knight

Action                   |  1- 3 |  4- 6 |  7- 9 | 10-12 || total
-------------------------+-------+-------+-------+-------++-------
Melee: Unarmed           |   137 |   234 |   521 |   221 ||  1113
Invok: Bend Time         |       |       |     1 |       ||     1
       Slouch            |       |       |       |     3 ||     3
  Use: Scroll            |     6 |     2 |     3 |       ||    11
       Potion            |       |       |     8 |       ||     8
 Stab: Sleeping          |       |       |     1 |     4 ||     5
       Invisible         |       |       |     1 |       ||     1
